[Event "African Individual Chess-ch Women 2024"]
[Site "Accra"]
[Date "2024.03.13"]
[Round "1.1"]
[White "Wafa, Shahenda"]
[Black "Haile, Lidet Abate"]
[Result "1-0"]
[ECO "C62"]
[WhiteElo "2083"]
[BlackElo "1798"]
[Annotator "RC"]
[PlyCount "67"]
[EventDate "2024.03.13"]
[EventCountry "GHA"]
[SourceTitle "playchess.com"]
[Source "ChessBase"]
[SourceQuality "1"]
[TimeControl "5400+30"]

1. e4 e5 2. Nf3 Nc6 3. Bb5 d6 4. c3 Bd7 5. d4 exd4 6. cxd4 Nf6 7. Nc3 Be7 8. e5 dxe5 9. dxe5 Ng4 10. Bf4 h5 11. O-O a6 12. Ba4 g5 13. Bxc6 bxc6 14. Bd2 Nh6 15. Qc1 g4 16. Ng5 Nf5 17. Nce4 Kf8 18. Qc4 Be8 19. Rad1 Qd5 20. Qc1 Nd4 21. Rfe1 Qxe5 22. Bf4 Qg7 23. Nc5 Bxg5 24. Bxg5 Nf5 25. Qf4 Qg6 26. Re5 Ng7 27. Be7+ Kg8 28. Rg5 Qh6 29. Bf6 Rh7 30. Rxg7+ Qxg7 31. Bxg7 Rxg7 32. Ne4 f5 33. Nf6+ Kf7 34. Qxf5 1-0

[Event "African Individual Chess-ch Women 2024"]
[Site "Accra"]
[Date "2024.03.13"]
[Round "1.2"]
[White "Boshoma, Chisomo"]
[Black "Nassr, Lina"]
[Result "0-1"]
[ECO "B45"]
[WhiteElo "1780"]
[BlackElo "2080"]
[Annotator "RC"]
[PlyCount "66"]
[EventDate "2024.03.13"]
[EventCountry "GHA"]
[SourceTitle "playchess.com"]
[Source "ChessBase"]
[SourceQuality "1"]
[TimeControl "5400+30"]

1. e4 c5 2. Nf3 e6 3. d4 cxd4 4. Nxd4 Nf6 5. Nc3 Nc6 6. Nxc6 bxc6 7. Bd3 d5 8. O-O Bd6 9. h3 O-O 10. Re1 e5 11. Bg5 Be6 12. exd5 cxd5 13. Bb5 Rb8 14. a4 d4 15. Ne4 Be7 16. Nxf6+ Bxf6 17. Bxf6 Qxf6 18. Qe2 Rfc8 19. Rac1 Rc5 20. b4 Rd5 21. Bc6 Bg4 22. Qc4 Rd6 23. b5 Bd7 24. Bd5 Rc8 25. Bxf7+ Qxf7 26. Qxf7+ Kxf7 27. Rxe5 d3 28. c4 d2 29. Rd1 Rxc4 30. Kf1 Rxa4 31. Ke2 Rad4 32. Rc5 Re6+ 33. Kf1 Rde4 0-1

[Event "African Individual Chess-ch Women 2024"]
[Site "Accra"]
[Date "2024.03.13"]
[Round "1.3"]
[White "Ofowino, Toritsemuwa"]
[Black "Banda Natalie Katlo"]
[Result "0-1"]
[ECO "B12"]
[WhiteElo "1950"]
[BlackElo "1772"]
[Annotator "RC"]
[PlyCount "120"]
[EventDate "2024.03.13"]
[EventCountry "GHA"]
[SourceTitle "playchess.com"]
[Source "ChessBase"]
[SourceQuality "1"]
[TimeControl "5400+30"]

1. e4 c6 2. d4 d5 3. e5 Bf5 4. h4 h5 5. Bd3 Bxd3 6. Qxd3 e6 7. Nf3 Nd7 8. O-O c5 9. c4 dxc4 10. Qxc4 cxd4 11. Qxd4 Bc5 12. Qd3 Qc7 13. Bg5 Ne7 14. Nc3 a6 15. Qe2 Nc6 16. Bf4 Nd4 17. Nxd4 Bxd4 18. Rfe1 Bxc3 19. Rec1 Qd8 20. Rxc3 Qxh4 21. Rac1 Qxf4 22. Rc8+ Ke7 23. R8c7 Rhd8 24. Qxh5 Rh8 25. Qd1 Qh2+ 26. Kf1 Qh1+ 27. Ke2 Qxd1+ 28. Rxd1 Rhd8 29. Rxb7 Ke8 30. Rh1 Rdb8 31. Rxb8+ Rxb8 32. b3 Rb4 33. Rh8+ Ke7 34. Ra8 Rb6 35. f4 f6 36. Ra7 f5 37. Ke3 Ke8 38. Ra8+ Ke7 39. Ra7 Rc6 40. Kd2 g6 41. g3 Kd8 42. Ra8+ Kc7 43. Rg8 Nc5 44. Rg7+ Kb6 45. Rxg6 Ne4+ 46. Kd3 Nc3 47. a4 Nd5 48. Kd2 Ka5 49. g4 Nxf4 50. Rg8 fxg4 51. Rxg4 Nd5 52. Rh4 Rc5 53. Rg4 Nb4 54. Rg7 Rxe5 55. Rb7 Nd5 56. Rb8 Re4 57. Kc2 Rb4 58. Re8 Rb6 59. Rc8 Rc6+ 60. Rxc6 Nb4+ 0-1

[Event "African Individual Chess-ch Women 2024"]
[Site "Accra"]
[Date "2024.03.13"]
[Round "1.4"]
[White "Georgina Sackie"]
[Black "Paulo, Jemima"]
[Result "0-1"]
[ECO "B70"]
[WhiteElo "1722"]
[BlackElo "1946"]
[Annotator "RC"]
[PlyCount "70"]
[EventDate "2024.03.13"]
[EventCountry "GHA"]
[SourceTitle "playchess.com"]
[Source "ChessBase"]
[SourceQuality "1"]
[TimeControl "5400+30"]

1. e4 c5 2. Nc3 d6 3. Nf3 Nf6 4. Bc4 g6 5. O-O Bg7 6. d4 cxd4 7. Nxd4 O-O 8. Bb3 Nc6 9. Nxc6 bxc6 10. h3 Qc7 11. Bf4 e5 12. Bh2 Nh5 13. Qd2 Be6 14. Rad1 Rad8 15. g4 Bxb3 16. axb3 Nf6 17. f4 h6 18. Qe2 Rfe8 19. Qc4 exf4 20. Bxf4 Qb6+ 21. Qd4 Nxe4 22. Qxb6 axb6 23. Nxe4 Rxe4 24. Rxd6 Rxd6 25. Bxd6 Bxb2 26. Bf4 g5 27. Bg3 Re2 28. Bf2 b5 29. c4 bxc4 30. bxc4 Rc2 31. c5 Ba3 32. Bd4 Bxc5 33. Bxc5 Rxc5 34. Rf6 Kg7 35. Rd6 Rc2 0-1

[Event "African Individual Chess-ch Women 2024"]
[Site "Accra"]
[Date "2024.03.13"]
[Round "1.5"]
[White "QUICKPEN, Deborah Ebimobo-ere"]
[Black "Gertrude Banini"]
[Result "1-0"]
[ECO "B17"]
[WhiteElo "1945"]
[BlackElo "1681"]
[Annotator "RC"]
[PlyCount "55"]
[EventDate "2024.03.13"]
[EventCountry "GHA"]
[SourceTitle "playchess.com"]
[Source "ChessBase"]
[SourceQuality "1"]
[TimeControl "5400+30"]

1. e4 c6 2. d4 d5 3. Nd2 dxe4 4. Nxe4 Nd7 5. Nf3 Ngf6 6. Nxf6+ Nxf6 7. Bd3 Bg4 8. c3 e6 9. O-O Be7 10. Bf4 O-O 11. a4 Nd5 12. Bg3 Bxf3 13. Qxf3 Bd6 14. Rae1 Bxg3 15. fxg3 Nf6 16. Re5 h6 17. g4 Nh7 18. Qe4 f5 19. gxf5 exf5 20. Rexf5 Rxf5 21. Qxf5 Nf6 22. Qg6 Qe7 23. Bc4+ Kh8 24. Qf7 Qxf7 25. Bxf7 Rd8 26. Re1 Rd7 27. Bg6 Nd5 28. Re8# 1-0

[Event "African Individual Chess-ch Women 2024"]
[Site "Accra"]
[Date "2024.03.13"]
[Round "1.6"]
[White "Tsinjoviniavo, Aina Mahasambatra"]
[Black "February, Jesse Nikki"]
[Result "0-1"]
[ECO "B32"]
[WhiteElo "1681"]
[BlackElo "1920"]
[Annotator "RC"]
[PlyCount "85"]
[EventDate "2024.03.13"]
[EventCountry "GHA"]
[SourceTitle "playchess.com"]
[Source "ChessBase"]
[SourceQuality "1"]
[TimeControl "5400+30"]

1. e4 c5 2. Nf3 Nc6 3. d4 cxd4 4. Nxd4 e5 5. Nb5 a6 6. Nd6+ Bxd6 7. Qxd6 Qe7 8. Qd1 Nf6 9. Nc3 h6 10. Be3 d6 11. h3 Be6 12. Be2 O-O 13. O-O b5 14. a3 Na5 15. b3 Rac8 16. Qd2 Qc7 17. Nd5 Bxd5 18. exd5 Nb7 19. c4 Ne4 20. Qc2 f5 21. Bd3 bxc4 22. bxc4 Nbc5 23. Bxc5 Qxc5 24. Rfe1 Rf6 25. Bxe4 fxe4 26. Rxe4 Rcf8 27. Re2 Rf4 28. Rc1 R8f6 29. a4 a5 30. g3 Rf3 31. Kg2 Qa3 32. c5 dxc5 33. Qxc5 Rxg3+ 34. Kf1 Qf3 35. Ke1 Rg1+ 36. Kd2 Rxc1 37. Qxc1 Qxd5+ 38. Ke1 Qh1+ 39. Kd2 Rd6+ 40. Kc2 Rc6+ 41. Kd3 Rxc1 42. Rxe5 Qxh3+ 43. Kd4 0-1

[Event "African Individual Chess-ch Women 2024"]
[Site "Accra"]
[Date "2024.03.13"]
[Round "1.7"]
[White "Junior, Ednasia"]
[Black "Mugide, Safinah"]
[Result "1-0"]
[ECO "B28"]
[WhiteElo "1915"]
[BlackElo "1676"]
[Annotator "RC"]
[PlyCount "69"]
[EventDate "2024.03.13"]
[EventCountry "GHA"]
[SourceTitle "playchess.com"]
[Source "ChessBase"]
[SourceQuality "1"]
[TimeControl "5400+30"]

1. e4 c5 2. Nf3 a6 3. c4 Nc6 4. d4 cxd4 5. Nxd4 Qb6 6. Nc2 g6 7. Nc3 Bg7 8. Nd5 Qd8 9. Be3 Qa5+ 10. b4 Nxb4 11. Ncxb4 Kf8 12. Rb1 e6 13. Bb6 Qa3 14. Rb3 Qa4 15. Bc5+ Ne7 16. Nb6 Qa5 17. Qd6 Bf6 18. e5 Bh4 19. g3 Kg7 20. gxh4 Nc6 21. Nxa8 Nxb4 22. Bxb4 Qxa2 23. Qd1 Qa4 24. Nb6 Qc6 25. Rg1 Qe4+ 26. Be2 Qxh4 27. Qd6 Re8 28. Rf3 Qe4 29. Rg4 Qb1+ 30. Bd1 f5 31. exf6+ Kf7 32. Qe7+ Rxe7 33. fxe7+ Kg7 34. Bc3+ Kh6 35. Rh3# 1-0

[Event "African Individual Chess-ch Women 2024"]
[Site "Accra"]
[Date "2024.03.15"]
[Round "2.1"]
[White "Laubscher, Anzel"]
[Black "Wafa, Shahenda"]
[Result "*"]
[ECO "A36"]
[WhiteElo "1820"]
[BlackElo "2083"]
[Annotator "RC"]
[PlyCount "20"]
[EventDate "2024.03.13"]
[EventCountry "GHA"]
[SourceTitle "playchess.com"]
[Source "ChessBase"]
[SourceQuality "1"]
[TimeControl "5400+30"]

1. e4 c5 2. c4 Nc6 3. g3 g6 4. Bg2 Bg7 5. Ne2 e6 6. O-O Nge7 7. Nbc3 O-O 8. d3 a6 9. Be3 Nd4 10. Qd2 Re8 *

[Event "African Individual Chess-ch Women 2024"]
[Site "Accra"]
[Date "2024.03.15"]
[Round "2.4"]
[White "Mbatha, Constance"]
[Black "QUICKPEN, Deborah Ebimobo-ere"]
[Result "*"]
[ECO "C01"]
[WhiteElo "1799"]
[BlackElo "1945"]
[Annotator "RC"]
[PlyCount "26"]
[EventDate "2024.03.13"]
[EventCountry "GHA"]
[SourceTitle "playchess.com"]
[Source "ChessBase"]
[SourceQuality "1"]
[TimeControl "5400+30"]

1. e4 e6 2. d4 d5 3. exd5 exd5 4. Nf3 Bd6 5. Be2 Ne7 6. O-O O-O 7. Bg5 f6 8. Be3 c6 9. c4 Be6 10. c5 Bc7 11. Qd2 Nd7 12. b4 Qe8 13. Nc3 Ng6 *

[Event "African Individual Chess-ch Women 2024"]
[Site "Accra"]
[Date "2024.03.15"]
[Round "2.6"]
[White "Banda Natalie Katlo"]
[Black "Junior, Ednasia"]
[Result "*"]
[ECO "A45"]
[WhiteElo "1772"]
[BlackElo "1915"]
[Annotator "RC"]
[PlyCount "20"]
[EventDate "2024.03.13"]
[EventCountry "GHA"]
[SourceTitle "playchess.com"]
[Source "ChessBase"]
[SourceQuality "1"]
[TimeControl "5400+30"]

1. d4 Nf6 2. Bg5 g6 3. Bxf6 exf6 4. c4 Bg7 5. e3 O-O 6. g3 d5 7. Nc3 dxc4 8. Bxc4 c6 9. Qf3 Nd7 10. Nge2 f5 *

[Event "African Individual Chess-ch Women 2024"]
[Site "Accra"]
[Date "2024.03.17"]
[Round "5.1"]
[White "February, Jesse Nikki"]
[Black "Nakabo, Peninah"]
[Result "1-0"]
[ECO "B15"]
[WhiteElo "1920"]
[BlackElo "1836"]
[Annotator "RC"]
[PlyCount "151"]
[EventDate "2024.03.13"]
[EventCountry "GHA"]
[SourceTitle "playchess.com"]
[Source "ChessBase"]
[SourceQuality "1"]
[TimeControl "5400+30"]

1. e4 c6 2. d4 d5 3. Nc3 dxe4 4. Nxe4 Nf6 5. Nxf6+ exf6 6. c3 Bd6 7. Bd3 O-O 8. Qc2 Re8+ 9. Ne2 g6 10. Be3 Qc7 11. O-O-O b5 12. h4 f5 13. h5 Be6 14. hxg6 fxg6 15. g4 Rf8 16. gxf5 Bxf5 17. Rdg1 Bxd3 18. Qxd3 Qf7 19. Rh6 Qf5 20. Qxf5 Rxf5 21. Rgh1 Rf7 22. d5 c5 23. Ng3 Bxg3 24. fxg3 Nd7 25. Bf4 Re8 26. R6h2 a6 27. Kc2 Nf6 28. Rd1 Rd7 29. d6 Re6 30. b3 Ne8 31. Rd5 c4 32. bxc4 bxc4 33. Rd4 g5 34. Bxg5 Nxd6 35. Bf4 Kf8 36. a4 Ke8 37. Rhd2 Ke7 38. g4 Rg6 39. g5 Rd8 40. Rd5 Nf7 41. Kb2 Rb6+ 42. Kc2 Rxd5 43. Rxd5 Rc6 44. Kd2 Ke6 45. Ra5 Nd8 46. Ke3 Nb7 47. Re5+ Kd7 48. Kd4 Rc8 49. Rf5 Ke7 50. Rf6 Rf8 51. Rxf8 Kxf8 52. Kxc4 Ke7 53. Kd5 Kd7 54. c4 Nd8 55. Bd2 Nc6 56. Kc5 Ne5 57. Bc3 Nf3 58. Bf6 Kc7 59. Kd5 Nd2 60. c5 Nb3 61. Be5+ Kc8 62. c6 Nd2 63. Bf4 Nf3 64. Kc5 Nh4 65. Kb6 Ng6 66. Bd6 Nh8 67. Kxa6 Nf7 68. Bf4 Nd8 69. Kb6 Ne6 70. Bd2 Kb8 71. a5 Kc8 72. a6 Nc7 73. a7 Nd5+ 74. Ka5 Nc7 75. Bf4 Na8 76. Ka6 1-0

[Event "African Individual Chess-ch Women 2024"]
[Site "Accra"]
[Date "2024.03.17"]
[Round "5.2"]
[White "Wafa, Shahenda"]
[Black "Nassr, Lina"]
[Result "1-0"]
[ECO "B46"]
[WhiteElo "2083"]
[BlackElo "2080"]
[Annotator "NA RC"]
[PlyCount "81"]
[EventDate "2024.03.13"]
[EventCountry "GHA"]
[SourceTitle "playchess.com"]
[Source "ChessBase"]
[SourceQuality "1"]
[TimeControl "5400+30"]

1. e4 c5 2. Nf3 e6 3. d4 cxd4 4. Nxd4 Nc6 5. Nc3 a6 6. Nxc6 bxc6 7. Bd3 d5 8. O-O Nf6 9. Qf3 Bd6 10. Re1 Qc7 11. exd5 cxd5 12. Nxd5 Nxd5 13. Qxd5 O-O 14. Qh5 g6 15. Qh4 f5 16. Bh6 Re8 17. Rad1 Bb7 18. b3 Qc6 19. f3 Bc5+ 20. Be3 Rad8 21. Bxc5 Qxc5+ 22. Qf2 Qa5 23. a4 Bd5 24. Qe2 Qc5+ 25. Kh1 e5 26. Bxa6 e4 27. Rxd5 Rxd5 28. Bc4 Kf8 29. Bxd5 Qxd5 30. Qd1 Qc5 31. fxe4 fxe4 32. Rf1+ Ke7 33. Qg4 Qe5 34. Qh4+ Kd6 35. Rd1+ Kc5 36. Qe1 Kb6 37. Qb4+ Kc6 38. Qc4+ Kb6 39. a5+ Qxa5 40. Rd6+ Ka7 41. Qf7+ 1-0

[Event "African Individual Chess-ch Women 2024"]
[Site "Accra"]
[Date "2024.03.17"]
[Round "5.3"]
[White "Ofowino, Toritsemuwa"]
[Black "QUICKPEN, Deborah Ebimobo-ere"]
[Result "1-0"]
[ECO "B99"]
[WhiteElo "1950"]
[BlackElo "1945"]
[Annotator "NA RC"]
[PlyCount "107"]
[EventDate "2024.03.13"]
[EventCountry "GHA"]
[SourceTitle "playchess.com"]
[Source "ChessBase"]
[SourceQuality "1"]
[TimeControl "5400+30"]

1. e4 c5 2. Nf3 d6 3. d4 cxd4 4. Nxd4 Nf6 5. Nc3 a6 6. Bg5 e6 7. f4 Be7 8. Qf3 Nbd7 9. O-O-O Qc7 10. Rg1 b5 11. Bxf6 Nxf6 12. Bd3 Bb7 13. a3 O-O-O 14. Kb1 Nd7 15. Rge1 Nb6 16. Nce2 Kb8 17. Nc1 Bf6 18. Ncb3 Na4 19. Qe3 Qb6 20. c3 e5 21. fxe5 dxe5 22. Nf3 Qxe3 23. Rxe3 Rd6 24. Bc2 Rhd8 25. Rxd6 Rxd6 26. Rd3 Rxd3 27. Bxd3 Kc7 28. Kc2 g5 29. Nfd2 Be7 30. Nf1 Bc5 31. Nxc5 Nxc5 32. Nd2 Kd6 33. b4 Ne6 34. c4 Nd4+ 35. Kc3 Bc6 36. c5+ Ke6 37. Nb3 Nxb3 38. Kxb3 h5 39. Kc3 f5 40. exf5+ Kf6 41. g3 e4 42. Be2 g4 43. Kd4 Kxf5 44. Bd1 Bb7 45. Bb3 Bc6 46. Bf7 Kg5 47. Be6 Kf6 48. Bc8 Ke7 49. Bf5 e3 50. Kxe3 Kf6 51. Bc8 Ke7 52. Kf4 Kd8 53. Bf5 Be8 54. Kg5 1-0

[Event "African Individual Chess-ch Women 2024"]
[Site "Accra"]
[Date "2024.03.17"]
[Round "5.4"]
[White "Vilhete, Vania Fausto Da T."]
[Black "Paulo, Jemima"]
[Result "1-0"]
[ECO "D15"]
[WhiteElo "1829"]
[BlackElo "1946"]
[Annotator "NA RC"]
[PlyCount "101"]
[EventDate "2024.03.13"]
[EventCountry "GHA"]
[SourceTitle "playchess.com"]
[Source "ChessBase"]
[SourceQuality "1"]
[TimeControl "5400+30"]

1. d4 Nf6 2. c4 c6 3. Nf3 d5 4. e3 a6 5. Nc3 b5 6. cxd5 cxd5 7. Bd3 e6 8. O-O Bb7 9. a3 Bd6 10. Re1 Ne4 11. Bd2 Nd7 12. Rc1 Rc8 13. Nb1 O-O 14. Rxc8 Qxc8 15. Bc1 f5 16. Nfd2 Qd8 17. Nf1 e5 18. f3 Ng5 19. dxe5 Nxe5 20. Be2 Ng6 21. Nc3 Rf7 22. Qb3 Qf6 23. Rd1 Nh4 24. Ng3 d4 25. Rxd4 Bxf3 26. Rxh4 Bxe2 27. Ncxe2 Nf3+ 28. gxf3 Qxh4 29. Qe6 Bxg3 30. hxg3 Qd8 31. Qxa6 Qd3 32. Qc8+ Rf8 33. Qe6+ Kh8 34. Kf2 h6 35. Qc6 Rf6 36. Qc3 Qd1 37. Qe1 Qb3 38. Nd4 Qc4 39. Qc3 Qd5 40. Qb4 f4 41. exf4 Qh5 42. Kg2 Rb6 43. Bd2 Qg6 44. Bc3 Rf6 45. f5 Qe8 46. Qxb5 Qxb5 47. Nxb5 Rxf5 48. Nd4 Rd5 49. Ne6 Kg8 50. Nxg7 Kf7 51. g4 1-0

[Event "African Individual Chess-ch Women 2024"]
[Site "Accra"]
[Date "2024.03.17"]
[Round "5.5"]
[White "Junior, Ednasia"]
[Black "Mongeli, Sasha"]
[Result "1-0"]
[ECO "C54"]
[WhiteElo "1915"]
[BlackElo "1858"]
[Annotator "RC"]
[PlyCount "130"]
[EventDate "2024.03.13"]
[EventCountry "GHA"]
[SourceTitle "playchess.com"]
[Source "ChessBase"]
[SourceQuality "1"]
[TimeControl "5400+30"]

1. e4 e5 2. Bc4 Nf6 3. d3 Nc6 4. Nf3 Bc5 5. c3 a6 6. Bb3 Ba7 7. h3 h6 8. O-O d6 9. Re1 O-O 10. Nbd2 Ne7 11. Nh4 g5 12. Qf3 Kg7 13. Nf5+ Bxf5 14. exf5 Qd7 15. g4 Qc6 16. Ne4 Nxe4 17. dxe4 f6 18. h4 Rad8 19. Rd1 Bc5 20. Kg2 b5 21. Be6 Qb7 22. Bd2 c6 23. Rh1 d5 24. Rad1 dxe4 25. Qxe4 Nd5 26. hxg5 hxg5 27. Bxg5 Rh8 28. Bc1 Rxh1 29. Rxh1 Rh8 30. Rxh8 Kxh8 31. g5 Qh7 32. Bxd5 cxd5 33. Qxd5 Qxf5 34. Qf3 Qxf3+ 35. Kxf3 Kg7 36. gxf6+ Kxf6 37. Be3 Be7 38. Ke4 Ke6 39. b3 Bh4 40. f3 Be7 41. Bd2 Bh4 42. c4 bxc4 43. bxc4 Be7 44. Ba5 Bh4 45. c5 Bg3 46. c6 Kd6 47. c7 Kd7 48. Bc3 Bf2 49. Bxe5 a5 50. a4 Bc5 51. Kd5 Bb4 52. f4 Bd2 53. f5 Bb4 54. Kc4 Kc8 55. Kb5 Kb7 56. f6 Kc8 57. Kb6 Bd2 58. f7 Be3+ 59. Kxa5 Bh6 60. Bd6 Kb7 61. Kb5 Bg7 62. a5 Bh6 63. a6+ Kc8 64. Kc6 Bf8 65. a7 Bxd6 1-0

[Event "African Individual Chess-ch Women 2024"]
[Site "Accra"]
[Date "2024.03.17"]
[Round "5.6"]
[White "Shaba, Linda Dalitso"]
[Black "Laubscher, Anzel"]
[Result "1/2-1/2"]
[ECO "E05"]
[WhiteElo "1836"]
[BlackElo "1820"]
[Annotator "NA RC"]
[PlyCount "71"]
[EventDate "2024.03.13"]
[EventCountry "GHA"]
[SourceTitle "playchess.com"]
[Source "ChessBase"]
[SourceQuality "1"]
[TimeControl "5400+30"]

1. d4 d5 2. Nf3 Nf6 3. g3 e6 4. Bg2 Be7 5. O-O O-O 6. c4 dxc4 7. Ne5 Nc6 8. Nxc6 bxc6 9. Bxc6 Rb8 10. Nc3 Bb7 11. Bxb7 Rxb7 12. Rb1 Nd5 13. Bd2 Qd7 14. Nxd5 exd5 15. Qc2 Rfb8 16. b3 cxb3 17. Rxb3 Rxb3 18. axb3 Bd6 19. Ra1 Rb7 20. Ra5 c6 21. Ra6 Rb6 22. Qa2 Rxa6 23. Qxa6 h5 24. Kg2 h4 25. Qd3 Qe6 26. f3 hxg3 27. hxg3 c5 28. dxc5 Bxc5 29. Be1 d4 30. Bf2 f5 31. Qc2 Bb6 32. Qd3 g6 33. Qc2 Kf7 34. Qd3 Kg8 35. Qc2 Kf7 36. Qd3 1/2-1/2

[Event "African Individual Chess-ch Women 2024"]
[Site "Accra"]
[Date "2024.03.17"]
[Round "5.7"]
[White "Marochkina, Nadezhda Valerevna"]
[Black "Haile, Lidet Abate"]
[Result "1-0"]
[ECO "D53"]
[WhiteElo "1819"]
[BlackElo "1798"]
[Annotator "NA RC"]
[PlyCount "135"]
[EventDate "2024.03.13"]
[EventCountry "GHA"]
[SourceTitle "playchess.com"]
[Source "ChessBase"]
[SourceQuality "1"]
[TimeControl "5400+30"]

1. d4 d5 2. c4 e6 3. Nf3 Nf6 4. Bg5 Be7 5. e3 dxc4 6. Bxc4 Nbd7 7. Nc3 a6 8. a4 O-O 9. O-O b6 10. Ne5 Nxe5 11. dxe5 Nd7 12. Bf4 Bb7 13. Qg4 Re8 14. Rad1 c5 15. Bxe6 fxe6 16. Qxe6+ Kh8 17. Qxd7 Qxd7 18. Rxd7 Bc6 19. Rd2 b5 20. axb5 axb5 21. Nd5 Red8 22. e4 Rd7 23. e6 Rb7 24. Rfd1 h6 25. f3 c4 26. Nxe7 Rxe7 27. Rd6 Rc8 28. Bg3 b4 29. Bh4 Ree8 30. e7 c3 31. bxc3 bxc3 32. Rc1 Ba4 33. Rd4 Bb5 34. Rc2 Kg8 35. Be1 Rxe7 36. Rxc3 Rxc3 37. Bxc3 Rc7 38. Rd8+ Kf7 39. Be5 Rc1+ 40. Kf2 Rc2+ 41. Ke3 Rxg2 42. Rb8 Bd7 43. Rb7 Ke6 44. Bg3 g6 45. f4 Be8 46. Rb6+ Kd7 47. f5 gxf5 48. exf5 h5 49. Rb7+ Kc8 50. Re7 Bb5 51. Rh7 Re2+ 52. Kf4 Be8 53. f6 Bg6 54. f7 Bxf7 55. Rxf7 h4 56. Kf3 Rc2 57. Bf4 Kd8 58. Kg4 Ke8 59. Rh7 Kf8 60. Kxh4 Kg8 61. Ra7 Rc4 62. Kg4 Rb4 63. h4 Kh8 64. h5 Kg8 65. h6 Kh8 66. Kg5 Rb5+ 67. Kg6 Rb6+ 68. Kh5 1-0

[Event "African Individual Chess-ch Women 2024"]
[Site "Accra"]
[Date "2024.03.17"]
[Round "6.1"]
[White "February, Jesse Nikki"]
[Black "Junior, Ednasia"]
[Result "1-0"]
[ECO "B42"]
[WhiteElo "1920"]
[BlackElo "1915"]
[Annotator "RC"]
[PlyCount "113"]
[EventDate "2024.03.13"]
[EventCountry "GHA"]
[SourceTitle "playchess.com"]
[Source "ChessBase"]
[SourceQuality "1"]
[TimeControl "5400+30"]

1. e4 c5 2. Nf3 e6 3. d4 cxd4 4. Nxd4 a6 5. Bd3 Nf6 6. Qe2 Qc7 7. c4 d6 8. Nc3 Be7 9. Be3 Nbd7 10. f4 Nc5 11. Bc2 b6 12. O-O Bb7 13. Bd2 O-O 14. Rae1 Rfd8 15. g4 Bf8 16. g5 Ne8 17. Rf3 g6 18. Rh3 e5 19. Nf5 Ne6 20. Nd5 Bxd5 21. exd5 Nxf4 22. Bxf4 exf4 23. Qe4 Rac8 24. b3 f6 25. Nd4 fxg5 26. Qe6+ Qf7 27. Bxg6 Qxe6 28. Bxh7+ Kf7 29. dxe6+ Kf6 30. Nf5 Rc7 31. e7 Bxe7 32. Rh6+ Kf7 33. Rhe6 Bf6 34. Rxe8 Rxe8 35. Nxd6+ Kf8 36. Rxe8+ Kg7 37. Bc2 Rd7 38. Ne4 Bd4+ 39. Kg2 g4 40. Re6 Be3 41. Nd6 Bc5 42. Rg6+ Kf8 43. Ne4 f3+ 44. Kf1 Rh7 45. Nxc5 Rxh2 46. Rxg4 bxc5 47. Bd1 Rxa2 48. Rf4+ Ke7 49. Rxf3 Kd6 50. Rf2 Ra1 51. Ke1 Ke5 52. Rd2 Ke4 53. Ke2 Ra5 54. Bc2+ Ke5 55. Kd3 Ra1 56. Kc3 Rh1 57. Rd5+ 1-0

[Event "African Individual Chess-ch Women 2024"]
[Site "Accra"]
[Date "2024.03.17"]
[Round "6.2"]
[White "Vilhete, Vania Fausto Da T."]
[Black "Wafa, Shahenda"]
[Result "0-1"]
[ECO "E73"]
[WhiteElo "1829"]
[BlackElo "2083"]
[Annotator "RC"]
[PlyCount "116"]
[EventDate "2024.03.13"]
[EventCountry "GHA"]
[SourceTitle "playchess.com"]
[Source "ChessBase"]
[SourceQuality "1"]
[TimeControl "5400+30"]

1. d4 Nf6 2. c4 g6 3. Nc3 Bg7 4. e4 d6 5. Be2 Nbd7 6. Bg5 h6 7. Be3 e5 8. Nf3 Ng4 9. Bc1 O-O 10. O-O Re8 11. h3 Ngf6 12. d5 Nc5 13. Nd2 a5 14. Qc2 b6 15. Nb3 Nh7 16. Nxc5 bxc5 17. f4 exf4 18. Bxf4 Qh4 19. Bd3 Ng5 20. Bxg5 hxg5 21. Nb5 Bd7 22. Rf3 g4 23. hxg4 Bxb5 24. Rh3 Bd4+ 25. Kh1 Qxg4 26. cxb5 Kg7 27. Qd1 Qxd1+ 28. Rxd1 Bxb2 29. a4 Bd4 30. Kh2 Be5+ 31. g3 Rh8 32. Rxh8 Rxh8+ 33. Kg2 Rh5 34. Rf1 Bd4 35. Rf3 Re5 36. Rf4 Be3 37. Rf1 c4 38. Kf3 cxd3 39. Kxe3 f5 40. Kxd3 Rxe4 41. Rc1 Rxa4 42. Rxc7+ Kf6 43. b6 Rb4 44. b7 Ke5 45. Kc3 Kxd5 46. Rg7 Ke5 47. Rxg6 Rxb7 48. g4 Rf7 49. gxf5 Rxf5 50. Kd3 Rf3+ 51. Kd2 a4 52. Rg5+ Ke4 53. Ra5 a3 54. Ra4+ Ke5 55. Ke2 Rh3 56. Ra8 d5 57. Re8+ Kd4 58. Ra8 Rh2+ 0-1

[Event "African Individual Chess-ch Women 2024"]
[Site "Accra"]
[Date "2024.03.17"]
[Round "6.3"]
[White "Nassr, Lina"]
[Black "Ofowino, Toritsemuwa"]
[Result "1-0"]
[ECO "B13"]
[WhiteElo "2080"]
[BlackElo "1950"]
[Annotator "RC"]
[PlyCount "37"]
[EventDate "2024.03.13"]
[EventCountry "GHA"]
[SourceTitle "playchess.com"]
[Source "ChessBase"]
[SourceQuality "1"]
[TimeControl "5400+30"]

1. d4 d5 2. Nf3 Nf6 3. e3 c5 4. Be2 Nc6 5. O-O cxd4 6. exd4 Bg4 7. h3 Bh5 8. c3 e6 9. Nbd2 Bd6 10. Ne5 Bxe2 11. Qxe2 Qc7 12. Re1 O-O 13. Nf1 a6 14. Ng3 b5 15. Bg5 Nd7 16. Nxd7 Qxd7 17. Nh5 Kh8 18. Nf6 Qd8 19. Nxh7 1-0

[Event "African Individual Chess-ch Women 2024"]
[Site "Accra"]
[Date "2024.03.17"]
[Round "6.4"]
[White "Laubscher, Anzel"]
[Black "QUICKPEN, Deborah Ebimobo-ere"]
[Result "0-1"]
[ECO "B20"]
[WhiteElo "1820"]
[BlackElo "1945"]
[Annotator "RC"]
[PlyCount "78"]
[EventDate "2024.03.13"]
[EventCountry "GHA"]
[SourceTitle "playchess.com"]
[Source "ChessBase"]
[SourceQuality "1"]
[TimeControl "5400+30"]

1. e4 c5 2. c4 Nc6 3. g3 g6 4. Bg2 Bg7 5. Ne2 e5 6. O-O d6 7. Nbc3 Nge7 8. Nd5 O-O 9. Nec3 a6 10. d3 h6 11. Be3 Rb8 12. f4 exf4 13. gxf4 b5 14. f5 gxf5 15. Qh5 fxe4 16. Bxh6 f5 17. Qg5 Rf7 18. Nf6+ Kf8 19. Ncxe4 Nd4 20. Nh7+ Kg8 21. Nef6+ Kh8 22. Bxg7+ Rxg7 23. Qh5 Rg6 24. Nf8+ Kg7 25. Nxg6 Nxg6 26. Nd5 bxc4 27. dxc4 Rxb2 28. Rab1 Rxa2 29. Bh3 Qe8 30. Rbe1 Ne2+ 31. Kh1 Qe4+ 32. Qf3 Qxc4 33. Bxf5 Nd4 34. Qg4 Qxd5+ 35. Be4 Bxg4 36. Bxd5 Rd2 37. Rf7+ Kh6 38. Ref1 Ne2 39. R7f6 Rxd5 0-1